3AAA
VERMONT LAKE MONSTERS @ FLORIDA MEN
06/03/2055
 
TOP OF THE 1ST
Vermont Lake Monsters batting - Pitching for Florida Men : RHP Pedro Negrón
Pitching: RHP Pedro Negrón
Batting: LHB Andreas Boerboom 0-0: Called Strike
0-1: Called Strike
0-2: Ball
1-2: SINGLE (Line Drive, 7S, EV 93.1 MPH)
Batting: RHB Paul Smith 0-0: Called Strike
0-1: Foul Ball, location: 2F
0-2: Foul Ball, location: 2F
0-2: Ball
1-2: Grounds into double play, 6-4-3 (Groundball, 6MD, EV 101.9 MPH)
Batting: LHB Mark Morgan 0-0: Ball
1-0: Ground out 4-3 (Groundball, 4, EV 80.6 MPH)
Top of the 1st over - 0 runs, 1 hit, 0 errors, 0 left on base; Vermont 0 - Florida 0
BOTTOM OF THE 1ST
Florida Men batting - Pitching for Vermont Lake Monsters : RHP Tsurayaki Tanaka
Pitching: RHP Tsurayaki Tanaka
Batting: LHB Matt Banks 0-0: Ball
1-0: Reached on error, E9 (Flyball, 89M, EV 88.1 MPH)
Batting: LHB Takenao Taniguchi 0-0: Ball
1-0: Fly out, F8 (Line Drive, 8RM, EV 89.4 MPH)
Batting: LHB Felipe Madrid 0-0: Ball
Matt Banks is caught stealing 2nd base 2-6
1-0: Swinging Strike
1-1: Swinging Strike
1-2: Foul Ball, location: 2F
1-2: Ball
2-2: Strikes out swinging
Bottom of the 1st over - 0 runs, 0 hits, 1 error, 0 left on base; Vermont 0 - Florida 0
TOP OF THE 2ND
Vermont Lake Monsters batting - Pitching for Florida Men : RHP Pedro Negrón
Batting: RHB Bob Hawkins 0-0: Ground out 5-3 (Groundball, 56S, EV 83.1 MPH)
Batting: LHB Tommy Olsen 0-0: Swinging Strike
0-1: Ground out U3 (Groundball, 3, EV 79.4 MPH)
Batting: SHB Barnes Rooks 0-0: Called Strike
0-1: Ball
1-1: SINGLE (Line Drive, 7S, EV 93.1 MPH)
Batting: RHB Luis Martínez 0-0: Called Strike
0-1: Called Strike
0-2: Ball
Wild Pitch!
Barnes Rooks to second
1-2: Ball
2-2: Foul Ball, location: 2F
2-2: Ball
3-2: Base on Balls
Batting: RHB Brock Allen 0-0: Fly out, F6 (Popup, P, EV 72.5 MPH)
Top of the 2nd over - 0 runs, 1 hit, 0 errors, 2 left on base; Vermont 0 - Florida 0
BOTTOM OF THE 2ND
Florida Men batting - Pitching for Vermont Lake Monsters : RHP Tsurayaki Tanaka
Batting: LHB Eugene Hollands 0-0: Ball
1-0: Foul Ball, location: 2F
1-1: Foul Ball, location: 2F
1-2: Foul Ball, location: 2F
1-2: Strikes out swinging
Batting: LHB Dillon Bert 0-0: Fly out, F8 (Flyball, 8LM, EV 93.1 MPH)
Batting: LHB Kent Miller 0-0: Swinging Strike
0-1: Called Strike
0-2: Strikes out looking
Bottom of the 2nd over - 0 runs, 0 hits, 0 errors, 0 left on base; Vermont 0 - Florida 0
TOP OF THE 3RD
Vermont Lake Monsters batting - Pitching for Florida Men : RHP Pedro Negrón
Batting: RHB Robinson Quiñones 0-0: Ground out 4-3 (Groundball, 4, EV 80.6 MPH)
Batting: LHB Andreas Boerboom 0-0: Ball
1-0: Ball
2-0: Fly out, F6 (Popup, 6MS, EV 77.5 MPH)
Batting: RHB Paul Smith 0-0: Ball
1-0: Foul Ball, location: 2F
1-1: Foul Ball, location: 2F
1-2: Fly out, F9 (Flyball, 9LS, EV 88.8 MPH)
Top of the 3rd over - 0 runs, 0 hits, 0 errors, 0 left on base; Vermont 0 - Florida 0
BOTTOM OF THE 3RD
Florida Men batting - Pitching for Vermont Lake Monsters : RHP Tsurayaki Tanaka
Batting: RHB Kevin Swanson 0-0: Foul Ball, location: 2F
0-1: Foul Ball, location: 2F
0-2: Ball
1-2: Ball
2-2: Reached on error, E5 (Groundball, 56, EV 89.4 MPH)
Batting: RHB Tai Kuo 0-0: Ball
1-0: Swinging Strike
1-1: Called Strike
1-2: Ball
2-2: Foul Ball, location: 2F
2-2: Foul Ball, location: 2F
2-2: SINGLE (Groundball, 6MD, EV 110.6 MPH)
Kevin Swanson to second
Batting: RHB Ramón Rodríguez 0-0: Called Strike
0-1: Foul Ball, location: 2F
0-2: Strikes out swinging
Batting: LHB Matt Banks 0-0: Called Strike
0-1: Foul Ball, location: 2F
0-2: Ball
1-2: SINGLE (Line Drive, 8RS, EV 105.0 MPH)
Kevin Swanson to third
Tai Kuo to second
Batting: LHB Takenao Taniguchi 0-0: Ball
1-0: Foul Ball, location: 2F
1-1: Swinging Strike
1-2: SINGLE (Line Drive, 4D, EV 106.2 MPH)
Kevin Swanson scores
Tai Kuo to third
Matt Banks to second
Batting: LHB Felipe Madrid 0-0: Ball
1-0: Foul Ball, location: 2F
1-1: Foul Ball, location: 2F
1-2: Strikes out swinging
Batting: LHB Eugene Hollands 0-0: Called Strike
0-1: Foul Ball, location: 2F
0-2: Strikes out swinging
Bottom of the 3rd over - 1 run, 3 hits, 1 error, 3 left on base; Vermont 0 - Florida 1
TOP OF THE 4TH
Vermont Lake Monsters batting - Pitching for Florida Men : RHP Pedro Negrón
Batting: LHB Mark Morgan 0-0: Called Strike
0-1: SINGLE (Line Drive, 4D, EV 96.9 MPH)
Batting: RHB Bob Hawkins 0-0: Ball
1-0: Fly out, F9 (Flyball, 9D, EV 85.6 MPH)
Batting: LHB Tommy Olsen 0-0: SINGLE (Groundball, 6MS, EV 65.6 MPH) (infield hit)
Mark Morgan to second
Batting: SHB Barnes Rooks 0-0: Swinging Strike
0-1: Ball
1-1: Fly out, F9 (Flyball, 9, EV 98.1 MPH)
Batting: RHB Luis Martínez 0-0: SINGLE (Line Drive, 8LS, EV 108.8 MPH)
Mark Morgan to third
Tommy Olsen to second
Runner from 3rd tries for Home, SAFE, throw by CF to home
Batting: RHB Brock Allen 0-0: Fly out, F8 (Flyball, 78M, EV 84.4 MPH)
Top of the 4th over - 1 run, 3 hits, 0 errors, 2 left on base; Vermont 1 - Florida 1
BOTTOM OF THE 4TH
Florida Men batting - Pitching for Vermont Lake Monsters : RHP Tsurayaki Tanaka
Batting: LHB Dillon Bert 0-0: Fly out, F7 (Flyball, 7, EV 88.8 MPH)
Batting: LHB Kent Miller 0-0: Called Strike
0-1: SINGLE (Flyball, 5D, EV 95.6 MPH)
Batting: RHB Kevin Swanson 0-0: Ball
1-0: Called Strike
1-1: Fly out, F3 (Popup, 3SF, EV 81.2 MPH)
Batting: RHB Tai Kuo 0-0: Foul Ball, location: 2F
0-1: Ball
1-1: Swinging Strike
1-2: Strikes out swinging
Bottom of the 4th over - 0 runs, 1 hit, 0 errors, 1 left on base; Vermont 1 - Florida 1
TOP OF THE 5TH
Vermont Lake Monsters batting - Pitching for Florida Men : RHP Pedro Negrón
Batting: RHB Robinson Quiñones 0-0: Fly out, F6 (Line Drive, 6M, EV 66.2 MPH)
Batting: LHB Andreas Boerboom 0-0: Foul Ball, location: 2F
0-1: Ball
1-1: Ball
2-1: Foul Ball, location: 2F
2-2: Fly out, F8 (Flyball, 8RXD, EV 101.2 MPH)
Batting: RHB Paul Smith 0-0: Ball
1-0: Fly out, F8 (Flyball, 89XD, EV 103.1 MPH)
Top of the 5th over - 0 runs, 0 hits, 0 errors, 0 left on base; Vermont 1 - Florida 1
BOTTOM OF THE 5TH
Florida Men batting - Pitching for Vermont Lake Monsters : RHP Tsurayaki Tanaka
Batting: RHB Ramón Rodríguez 0-0: Ground out 1-3 (Groundball, 23, EV 70.0 MPH)
Batting: LHB Matt Banks 0-0: Ball
1-0: Called Strike
1-1: Foul Ball, location: 2F
1-2: SINGLE (Line Drive, 6MD, EV 95.0 MPH)
Batting: LHB Takenao Taniguchi 0-0: Fielders Choice at 2nd, 4-6 (Groundball, 4, EV 103.8 MPH)
Batting: LHB Felipe Madrid 0-0: Foul Ball, location: 2F
0-1: Called Strike
Takenao Taniguchi steals 2nd base
0-2: Strikes out swinging
Bottom of the 5th over - 0 runs, 1 hit, 0 errors, 1 left on base; Vermont 1 - Florida 1
TOP OF THE 6TH
Vermont Lake Monsters batting - Pitching for Florida Men : RHP Pedro Negrón
Batting: LHB Mark Morgan 0-0: Ball
1-0: Called Strike
1-1: Fly out, F7 (Flyball, 7, EV 95.6 MPH)
Batting: RHB Bob Hawkins 0-0: Swinging Strike
0-1: Fly out, F8 (Flyball, 8LXD, EV 92.5 MPH)
Batting: LHB Tommy Olsen 0-0: Ball
1-0: SINGLE (Groundball, 34D, EV 102.5 MPH)
Batting: SHB Barnes Rooks 0-0: Ground out U3 (Groundball, 3, EV 86.2 MPH)
Top of the 6th over - 0 runs, 1 hit, 0 errors, 1 left on base; Vermont 1 - Florida 1
BOTTOM OF THE 6TH
Florida Men batting - Pitching for Vermont Lake Monsters : RHP Tsurayaki Tanaka
Batting: LHB Eugene Hollands 0-0: Foul Ball, location: 2F
0-1: Ball
1-1: Ball
2-1: Swinging Strike
2-2: Strikes out swinging
Batting: LHB Dillon Bert 0-0: Called Strike
0-1: Ball
1-1: Foul Ball, location: 2F
1-2: Hit by Pitch
Batting: LHB Kent Miller 0-0: Swinging Strike
0-1: Ball
1-1: Ball
2-1: Swinging Strike
2-2: Ball
3-2: Base on Balls
Dillon Bert to second
Batting: RHB Kevin Swanson 0-0: Ball
1-0: Ball
2-0: Ball
3-0: Called Strike
3-1: Base on Balls
Dillon Bert to third
Kent Miller to second
Batting: RHB Tai Kuo 0-0: Ball
1-0: Called Strike
1-1: Ball
2-1: SINGLE (Groundball, 6, EV 97.5 MPH)
Dillon Bert scores
Kent Miller to third
Kevin Swanson to second
Runner from 3rd tries for Home, SAFE, throw by LF to home
Batting: RHB Ramón Rodríguez 0-0: Called Strike
0-1: Swinging Strike
0-2: Strikes out looking
Batting: LHB Matt Banks 0-0: Swinging Strike
0-1: Swinging Strike
0-2: Foul Ball, location: 2F
0-2: Ball
1-2: Foul Ball, location: 2F
1-2: Foul Ball, location: 2F
1-2: Foul Ball, location: 2F
1-2: Foul Ball, location: 2F
1-2: Strikes out swinging
Bottom of the 6th over - 2 runs, 1 hit, 0 errors, 2 left on base; Vermont 1 - Florida 3
TOP OF THE 7TH
Vermont Lake Monsters batting - Pitching for Florida Men : RHP Pedro Negrón
Batting: RHB Luis Martínez 0-0: Ball
1-0: SINGLE (Groundball, 56S, EV 65.0 MPH) (infield hit)
Pinch Hitting: LHB Jay Bonis 0-0: Ball
Luis Martínez steals 2nd base (no throw)
1-0: SINGLE (Groundball, 4MD, EV 99.4 MPH)
Luis Martínez to third
Batting: RHB Robinson Quiñones 0-0: SINGLE (Groundball, 56D, EV 95.0 MPH)
Luis Martínez scores
Jay Bonis to second
Batting: LHB Andreas Boerboom 0-0: Called Strike
0-1: Ball
1-1: Ground out 5-3 (Groundball, 56S, EV 68.1 MPH)
Jay Bonis to third
Robinson Quiñones to second
Pinch Hitting: RHB Jorge Gonzáles 0-0: Foul Ball, location: 2F
0-1: SINGLE (Groundball, 56, EV 107.5 MPH)
Jay Bonis scores
Robinson Quiñones to third
Batting: LHB Mark Morgan 0-0: Ball
1-0: Foul Ball, location: 2F
1-1: SINGLE (Line Drive, 78M, EV 104.4 MPH)
Robinson Quiñones scores
Jorge Gonzáles to second
Batting: RHB Bob Hawkins 0-0: Swinging Strike
0-1: Ball
1-1: Swinging Strike
1-2: Ball
2-2: Grounds into double play, 5-4-3 (Groundball, 15, EV 83.8 MPH)
Top of the 7th over - 3 runs, 5 hits, 0 errors, 1 left on base; Vermont 4 - Florida 3
BOTTOM OF THE 7TH
Florida Men batting - Pitching for Vermont Lake Monsters : RHP Tsurayaki Tanaka
Pitching: LHP Jop Abeele
Now at 1B: Jorge Gonzáles
Now at 2B: Chad King
Now in CF: Arlen Russell
Batting: LHB Takenao Taniguchi 0-0: Fly out, F4 (Line Drive, 4, EV 69.4 MPH)
Batting: LHB Felipe Madrid 0-0: Ball
1-0: Ball
2-0: Called Strike
2-1: Foul Ball, location: 2F
2-2: Ball
3-2: Base on Balls
Batting: LHB Eugene Hollands 0-0: Ball
1-0: Foul Ball, location: 2F
1-1: Foul Ball, location: 2F
1-2: Foul Ball, location: 2F
1-2: Foul Ball, location: 2F
1-2: Strikes out swinging
Felipe Madrid is caught stealing 2nd base 2-6
Batter strikes out.
Bottom of the 7th over - 0 runs, 0 hits, 0 errors, 0 left on base; Vermont 4 - Florida 3
TOP OF THE 8TH
Vermont Lake Monsters batting - Pitching for Florida Men : RHP Pedro Negrón
Batting: LHB Tommy Olsen 0-0: Called Strike
0-1: SINGLE (Flyball, 6D, EV 89.4 MPH)
Batting: SHB Barnes Rooks 0-0: Ball
1-0: Ball
2-0: Ball
3-0: Base on Balls
Tommy Olsen to second
Batting: RHB Chad King 0-0: Ball
1-0: Sac Bunt to 3S - play at first, batter OUT! 3-1
Tommy Olsen to third
Barnes Rooks to second
Batting: LHB Arlen Russell 0-0: Intentional Walk
Batting: RHB Robinson Quiñones 0-0: Foul Ball, location: 2F
0-1: Ball
1-1: Ball
2-1: Foul Ball, location: 2F
2-2: DOUBLE (Groundball, 5L, EV 106.9 MPH)
Tommy Olsen scores
Barnes Rooks scores
Arlen Russell to third
Pitching: RHP Christian Roberts
Batting: LHB Andreas Boerboom 0-0: Called Strike
0-1: Ground out 4-3 (Groundball, 4, EV 84.4 MPH)
Batting: RHB Jorge Gonzáles 0-0: Ball
1-0: Ball
2-0: Foul Ball, location: 2F
2-1: Called Strike
2-2: Strikes out looking
Top of the 8th over - 2 runs, 2 hits, 0 errors, 2 left on base; Vermont 6 - Florida 3
BOTTOM OF THE 8TH
Florida Men batting - Pitching for Vermont Lake Monsters : LHP Jop Abeele
Batting: LHB Dillon Bert 0-0: Ball
1-0: Called Strike
1-1: Fly out, F8 (Flyball, 8RXD, EV 108.8 MPH)
Batting: LHB Kent Miller 0-0: Ball
1-0: Foul Ball, location: 2F
1-1: Ball
2-1: Swinging Strike
2-2: Foul Ball, location: 2F
2-2: Ball
3-2: Foul Ball, location: 2F
3-2: Base on Balls
Batting: RHB Kevin Swanson 0-0: Called Strike
0-1: Foul Ball, location: 2F
0-2: Ball
1-2: Strikes out swinging
Batting: RHB Tai Kuo 0-0: Called Strike
0-1: Ground out 4-3 (Groundball, 4, EV 83.1 MPH)
Bottom of the 8th over - 0 runs, 0 hits, 0 errors, 1 left on base; Vermont 6 - Florida 3
TOP OF THE 9TH
Vermont Lake Monsters batting - Pitching for Florida Men : RHP Christian Roberts
Batting: LHB Mark Morgan 0-0: Fly out, F9 (Flyball, 9, EV 81.2 MPH)
Batting: RHB Bob Hawkins 0-0: Called Strike
0-1: Ball
1-1: SINGLE (Groundball, 56, EV 105.6 MPH)
Batting: LHB Tommy Olsen 0-0: Ball
1-0: Ball
2-0: Called Strike
2-1: Foul Ball, location: 2F
2-2: Ball
3-2: Foul Ball, location: 2F
3-2: Strikes out swinging
Batting: SHB Barnes Rooks 0-0: Ball
1-0: Swinging Strike
1-1: Called Strike
1-2: Ball
2-2: Foul Ball, location: 2F
2-2: Strikes out looking
Top of the 9th over - 0 runs, 1 hit, 0 errors, 1 left on base; Vermont 6 - Florida 3
BOTTOM OF THE 9TH
Florida Men batting - Pitching for Vermont Lake Monsters : LHP Jop Abeele
Pitching: LHP Jorge Santos
Batting: RHB Ramón Rodríguez 0-0: Called Strike
0-1: Ball
1-1: Foul Ball, location: 2F
1-2: Strikes out looking
Pinch Hitting: RHB Charlie Brooks 0-0: Ball
1-0: Ball
2-0: Swinging Strike
2-1: Called Strike
2-2: Ball
3-2: Foul Ball, location: 2F
3-2: Foul Ball, location: 2F
3-2: Foul Ball, location: 2F
3-2: Foul Ball, location: 2F
3-2: Fly out, F6 (Line Drive, 6, EV 69.4 MPH)
Batting: LHB Takenao Taniguchi 0-0: Called Strike
0-1: Swinging Strike
0-2: Ball
1-2: Ball
2-2: Ground out 1-3 (Groundball, 15S, EV 74.4 MPH)
Bottom of the 9th over - 0 runs, 0 hits, 0 errors, 0 left on base; Vermont 6 - Florida 3
Sunday, June 30th , 2024 - OOTP Baseball 23.10 Build 110